AoeStats
← Chaac1706

Arabia

504486455Analyzed
1v1 RM · 28d ago on Sep 5, 2026· 43m 48s· 2 players
Game mode
Random Map
Map size
Tiny (2 player)
Population
200
Speed
Normal
Resources
Standard
Victory
Conquest
Starting age
Dark Age
Ending age
Imperial Age
RankedLock teamsTeams togetherTeam positionsShared explorationLock speedFull tech treeHidden civsTurbo modeCheats
Victory
Defeat
🇺🇸 Turks · United States
1151
+17
🇨🇴 Muisca · Colombia
1183
-17
ublocker92
7:43 Loom
9:53 Feudal Age
10:00 Man-at-Arms
14:32 Double-Bit Axe
14:58 Fletching
24:11 Castle Age
24:21 Bloodlines
24:17 Scale Barding Armor
26:18 Wheelbarrow
25:41 Horse Collar
29:33 Chain Barding Armor
32:49 Bow Saw
32:41 Heavy Plow
37:19 Imperial Age
35:51 Forging
35:46 Husbandry
37:50 Iron Casting
39:02 Plate Barding Armor
Chaac1706
6:27 Loom
9:08 Feudal Age
10:22 Champi Runner
16:02 Double-Bit Axe
19:56 Wheelbarrow
20:10 Padded Archer Armor
20:49 Town Watch
24:03 Castle Age
23:39 Fletching
24:44 Gold Mining
25:04 Bow Saw
24:29 Crossbowman
26:33 Bodkin Arrow
35:58 Herbalism
37:18 Thumb Ring
37:39 Ballistics
40:19 Imperial Age
39:01 Fervor
40:40 Hand Cart
40:25 Town Patrol
40:24 Arbalester
42:46 Bracer
43:49 Chemistry
43:41 Block Printing
Connection lost

Rejoining the realm…

Still unreachable

The connection could not be restored.

Session expired

The server has moved on; the page needs a fresh start.